 Dungeon Crawl Stone Soup version 0.31.0-11-ge490571c62 (webtiles) character file.

Game seed: 12799846466428074186

22 Flugkiller the Chiller (level 2, -2/13 HPs)
             Began as a Vine Stalker Ice Elementalist on Feb 2, 2024.
             Slain by an orc
             ... wielding a +0 hand axe
              (6 damage)
             ... on level 2 of the Dungeon.
             The game lasted 00:01:05 (271 turns).

Flugkiller the Chiller (VSIE)                        Turns: 271, Time: 00:01:06

Health: -2/13      AC:  2    Str: 10    XL:     2   Next: 91%
Magic:  0/6        EV: 12    Int: 15    God:
Gold:   36         SH:  0    Dex: 14    Spells: 5/6 levels left

rFire   . . .        d - +0 dagger
rCold   . . .        (no shield)
rNeg    . . .        a - +0 robe
rPois   .            (no helmet)
rElec   .            (no cloak)
rCorr   .            (no gloves)
SInv    .            (no boots)
Will    .....        (no amulet)
Stlth   ++           (no ring)
HPRegen 1.02/turn    (no ring)
MPRegen 0.10/turn

%: guardian spirit
@: no status effects
A: fangs 2, regeneration 1, magic shield, antimagic bite, no potion heal 2
a: no special abilities


You were on level 2 of the Dungeon.
You visited 1 branch of the dungeon, and saw 2 of its levels.

You collected 36 gold pieces.

Inventory:

Hand Weapons
 d - a +0 dagger (weapon)
   (You took it off a goblin on level 1 of the Dungeon)
Armour
 a - a +0 robe (worn)
Scrolls
 c - a scroll of amnesia {unknown}
 h - a scroll of teleportation {unknown}
 i - a scroll of identify {unknown}
 j - a scroll of poison {unknown}
 k - a scroll of fog {unknown}
 l - a scroll of summoning {unknown}
Potions
 b - a potion of magic
 e - 2 potions of resistance {unknown}
 f - a potion of curing {unknown}
 g - a potion of might {unknown}


   Skills:
 - Level 1.5 Dodging
 - Level 2.4 Stealth
 + Level 2.9 Spellcasting
 + Level 4.4 Ice Magic


You had 5 spell levels left.
You knew the following spells:

 Your Spells              Type           Power      Damage    Failure   Level
a - Freeze                Ice            60%        1d7       3%          1

Your spell library contained the following spells:

 Spells                   Type           Power      Damage    Failure   Level
 Frozen Ramparts          Ice            30%        1d5       10%         3
 Ozocubu's Armour         Ice            15%        N/A       10%         3
 Summon Ice Beast         Ice/Summ       8%         N/A       24%         3
 Vhi's Electric Charge    Tloc/Air       4%         N/A       90%         4
 Arcjolt                  Conj/Air       1%         1d11      99%         5
 Maxwell's Capacitive Co  Air            1%         ∞         100%        8


Dungeon Overview and Level Annotations

Branches:
Dungeon (2/15) Zot: 11728

Altars:


Innate Abilities, Weirdness & Mutations

You have extremely sharp teeth.
Your natural rate of healing is unusually fast.
When hurt, damage is shared between your health and your magic reserves.
Your bite disrupts and absorbs the magic of your enemies.
Potions cannot restore your health.


Message History

You now have 36 gold pieces (gained 15).
You open the door.
l - a scroll labelled BEOSTR KIEVI A frilled lizard comes into view.
Found 4 stones.
Casting: Freeze (safe; 3% risk of failure)
Confirm with . or Enter, or press ? or * to list all spells.
You can't see any susceptible monsters within range! (Use Z to cast anyway.)
Casting: Freeze (safe; 3% risk of failure)
Confirm with . or Enter, or press ? or * to list all spells.
Aiming: Freeze (safe; 3% risk of failure)
Press: ? - help, Shift-Dir - straight line, f - frilled lizard
Aim: a frilled lizard (asleep)
You freeze the frilled lizard.
You kill the frilled lizard! 2 orcs come into view.
Found a stone staircase leading up.
You see here a frilled lizard corpse.
A rat and 2 orcs come into view.
The rat squeaks loudly.
An orc comes into view. It is wielding a +0 hand axe.
The orc moves out of view.
The orc shouts! x4
An adder comes into view.
A bat comes into view.
You barely miss the rat. Your bite misses the rat. The rat barely misses you.
You hit the rat.
The rat is heavily wounded.
The rat barely misses you.
Casting: Freeze (safe; 3% risk of failure)
Confirm with . or Enter, or press ? or * to list all spells.
Aiming: Freeze (safe; 3% risk of failure)
Press: ? - help, Shift-Dir - straight line, f - rat
Aim: a rat (heavily wounded)
You freeze the rat.
You kill the rat!
You hit the orc. Your bite misses the orc.
The orc is moderately wounded.
The orc barely misses you.
You hit the orc.
The orc is almost dead.
The orc hits you with a +0 hand axe.
You closely miss the orc.
The orc is almost dead.
The orc hits you but does no damage.
Casting: Freeze (safe; 3% risk of failure)
Confirm with . or Enter, or press ? or * to list all spells.
Aiming: Freeze (safe; 3% risk of failure)
Press: ? - help, Shift-Dir - straight line, f - orc
Aim: an orc, wielding a +0 hand axe (almost dead)
You freeze the orc.
You kill the orc!
You closely miss the orc. The orc barely misses you.
You hit the orc but do no damage. The orc closely misses you.
You hit the orc. You bite the orc, but do no damage.
The orc is lightly wounded.
The orc hits you with a +0 hand axe.
You hit the orc but do no damage.
The orc is lightly wounded.
The orc closely misses you.
You hit the orc but do no damage.
The orc is lightly wounded.
The orc hits you with a +0 hand axe.
A kobold comes into view. It is wielding a +0 dagger.
You barely miss the orc.
The orc is lightly wounded.
The orc barely misses you.
The kobold shouts!
You hit the orc.
The orc is almost dead.
The orc hits you with a +0 hand axe.
You barely miss the orc. Your bite misses the orc.
The orc is almost dead.
The orc hits you but does no damage.
You closely miss the orc.
The orc is severely wounded.
The orc misses you.
You closely miss the orc. Your bite misses the orc.
The orc is severely wounded.
The orc closely misses you.
The adder hisses angrily.
You hit the orc.
The orc is almost dead.
The orc hits you with a +0 hand axe.
Unknown command.
You hit the orc.
You kill the orc!
You hit the orc but do no damage. The orc hits you with a +0 hand axe.
You hit the orc but do no damage. Your bite misses the orc.
The orc hits you with a +0 hand axe.
Unknown command.
You hit the orc but do no damage. The orc closely misses you.
You hit the orc but do no damage. You bite the orc, but do no damage.
The orc hits you with a +0 hand axe.
You closely miss the orc. You bite the orc, but do no damage.
The orc hits you with a +0 hand axe.
* * * LOW HITPOINT WARNING * * *
You barely miss the orc. You bite the orc, but do no damage.
The orc hits you with a +0 hand axe!
You die...

###†........#.# .#####.
#.........#...####.......
##.#.##.##.#.#............
.....##..#.#.#...†........
##...###.....#.###.....##S
#...# ##......# #......<.
#...# #......# #.....#..
#...####......###SK...#.
#..............@ooo......
##..#######'#.#######....
#... ...... .... ###....#
... #.#..# .. #.#..# #b .
#.


You could see an adder, 3 orcs and a kobold.

Vanquished Creatures
  A ribbon worm (D:2)
  2 orcs (D:2)
  2 endoplasms (D:1)
  2 giant cockroaches
  2 goblins (D:1)
  A quokka (D:1)
  A bat (D:2)
  A frilled lizard (D:2)
  6 rats
18 creatures vanquished.

Notes
Turn   | Place    | Note
-------+----------+-------------------------------------------
     0 | D:1      | Flugkiller the Vine Stalker Ice Elementalist began the
                  | quest for the Orb.
     0 | D:1      | Reached XP level 1. HP: 9/9 MP: 4/4
    88 | D:1      | Reached XP level 2. HP: 13/13 MP: 2/6
   271 | D:2      | Slain by an orc

Illustrated notes

Levels and vault maps discovered:
D:1:      minmay_arrival_shattered_statue, layout_basic
D:2:      layout_basic

Action                     || total
---------------------------++-------
  Melee: Dagger            ||    36
         Bite              ||     9
   Cast: Freeze            ||    21
 Armour: Robe              ||    34
  Dodge: Dodged            ||    29
